 Dungeon Crawl Stone Soup version 0.31-a0-925-g0a390f2509 (webtiles) character file.

Game seed: 5205363207325605468

490 DocEon the Cleaver (level 6, -3/51 HPs)
             Began as a Minotaur Berserker on Oct 18, 2023.
             Was a Priest of Trog.
             Slain by a river rat (5 damage)
             ... on level 4 of the Dungeon.
             The game lasted 00:02:53 (3308 turns).

DocEon the Cleaver (Minotaur Berserker)             Turns: 3308, Time: 00:02:53

Health: -3/51      AC:  8    Str: 21    XL:     6   Next: 90%
Magic:  5/5        EV:  8    Int:  7    God:    Trog [***...]
Gold:   112        SH:  0    Dex: 12    Spells: 5/5 levels left

rFire   . . .        f - +6 mace "Livog" {drain, Int+3}
rCold   . . .        (no shield)
rNeg    . . .        h - +0 chain mail
rPois   .            (helmet restricted)
rElec   .            (no cloak)
rCorr   +            (no gloves)
SInv    .            (no boots)
Will    .....        (no amulet) Stlth
                     c - ring of resist corrosion
HPRegen 0.28/turn    (no ring)
MPRegen 0.09/turn

%: no passive effects
@: lethally poisoned (-3 -> -4), very slow
A: horns 2, retaliatory headbutt
a: Renounce Religion, Berserk, Trog's Hand


You were on level 4 of the Dungeon.
You worshipped Trog.
Trog was most pleased with you.
You visited 1 branch of the dungeon, and saw 4 of its levels.

You collected 112 gold pieces.

Inventory:

Hand Weapons
 f - the +6 mace "Livog" (weapon) {drain, Int+3}
   (You took it off a kobold on level 4 of the Dungeon)

   Int+3:     It affects your intelligence (+3).
 r - a +1 hand axe of freezing
Armour
 b - a +0 animal skin
 h - a +0 chain mail (worn)
 p - a +1 leather armour of cold resistance
Jewellery
 a - a ring of protection from cold
 c - a ring of resist corrosion (left hand)
Potions
 d - 2 potions of heal wounds
 e - a potion of curing {unknown}
 g - 2 potions of might
 l - a potion of haste {unknown}
 o - 2 potions of brilliance {unknown}


   Skills:
 - Level 3.6 Fighting
 * Level 9.5 Axes
 - Level 2.4 Armour
 - Level 2.1 Dodging


You had 5 spell levels left.
You didn't know any spells.
Your spell library was empty.

Dungeon Overview and Level Annotations

Branches:
Dungeon (4/15)
 Temple: D:4-7

Altars:
Elyvilon
Qazlal
Ru
Xom
Zin
The Shining One

Shops:
D:3 [   D:4 =:


Innate Abilities, Weirdness & Mutations

You have a pair of horns on your head.
You reflexively headbutt those who attack you in melee.


Message History

Moving in this stuff is going to be slow.
You feel sick.
You feel sick.
You are no longer poisoned.
An adder and a rat come into view.
The adder hisses angrily.
A rat comes into view.
The adder barely misses you. You furiously retaliate!
You headbutt the adder! You miss the adder.
The adder is severely wounded.
The adder bites you.
You are poisoned.
The adder poisons you! The adder bites you but does no damage.
Your unstable footing causes you to fumble your attack.
You feel sick. The adder bites you.
You are more poisoned.
The adder poisons you!
Your unstable footing causes you to fumble your attack.
You feel very sick. The adder bites you but does no damage.
The adder barely misses you.
You closely miss the adder. You headbutt the adder.
You kill the adder!
Trog accepts your kill.
You feel sick.
You thump the rat!
You kill the rat!
Trog accepts your kill.
You feel sick.
A river rat comes into view.
You feel sick.
The rat splashes around in the water.
The rat bites you but does no damage.
You see here an adder corpse.
You sock the rat!
You kill the rat!
Trog accepts your kill.
You feel sick. The river rat bites you.
* * * LOW HITPOINT WARNING * * *
* * * LOW HITPOINT WARNING * * *
You feel sick. The river rat bites you.
You die...

...##....# ##..##.#
#...( ...#######
##....### .#.#..
...#
##########...>..+
..(.... ####
####..............##
..#(#..
#.....#############
#.#.. #...††#~~~#~~
# #.. #....~#~#~#~#
#### #..
#....~#~#~#r#~~~~#
#.# #...~~~~#~†@~~#
#. #....~#~#~#####
#. #....~~~#~~
#.....#~###
#.....~~~#
#..#...~~#
#$...[#..#
#.###...## # #####


You could see a river rat.

Vanquished Creatures
  Duvessa (D:4)
  Blork the orc (D:4)
  Dowan (D:4)
  A hound (D:3)
  An orc priest (D:3)
  6 adders
  4 gnolls (D:3)
  3 river rats (D:4)
  A worm (D:2)
  A dart slug (D:4)
  9 orcs
  3 ball pythons (D:1)
  7 bats
  6 endoplasms
  4 giant cockroaches
  6 goblins
  8 hobgoblins
  A quokka (D:1)
  4 frilled lizards
  7 kobolds
  6 rats
81 creatures vanquished.

Notes
Turn   | Place    | Note
-------+----------+-------------------------------------------
     0 | D:1      | DocEon the Minotaur Berserker began the quest for the Orb.
     0 | D:1      | Reached XP level 1. HP: 19/19 MP: 0/0
    88 | D:1      | Reached skill level 4 in Axes
   263 | D:1      | Reached XP level 2. HP: 24/26 MP: 1/1
   829 | D:2      | Reached skill level 5 in Axes
   927 | D:2      | Reached XP level 3. HP: 29/31 MP: 2/2
  1157 | D:2      | Reached ** piety under Trog
  1589 | D:3      | Found a stormy altar of Qazlal.
  1711 | D:3      | Reached skill level 6 in Axes
  1711 | D:3      | Reached XP level 4. HP: 37/39 MP: 3/3
  1935 | D:3      | Found a shimmering altar of Xom.
  2075 | D:3      | Found Ymiup's Antique Armour Shop.
  2282 | D:3      | Reached skill level 7 in Axes
  2282 | D:3      | Reached XP level 5. HP: 21/45 MP: 4/4
  2607 | D:3      | Found a glowing golden altar of the Shining One.
  2607 | D:3      | Found a white marble altar of Elyvilon.
  2607 | D:3      | Found a glowing silver altar of Zin.
  2811 | D:4      | Found Agustez's Book Shop.
  2811 | D:4      | Noticed a walking earthen tome
  2811 | D:4      | Noticed a walking divine tome
  2824 | D:4      | Noticed Blork the orc
  2833 | D:4      | Killed Blork the orc
  2834 | D:4      | Reached skill level 8 in Axes
  2844 | D:4      | Identified the +6 mace "Livog" {drain, Int+3}
  2981 | D:4      | Reached XP level 6. HP: 47/47 MP: 5/5
  3102 | D:4      | Noticed Dowan
  3103 | D:4      | Noticed Duvessa
  3104 | D:4      | Found Ceam's Jewellery Emporium.
  3116 | D:4      | Killed Duvessa
  3118 | D:4      | Killed Dowan
  3119 | D:4      | Reached skill level 9 in Axes
  3144 | D:4      | Found a sacrificial altar of Ru.
  3304 | D:4      | Reached *** piety under Trog
  3308 | D:4      | HP: 2/51 [poisoned by an adder]
  3308 | D:4      | Slain by a river rat

Illustrated notes

Levels and vault maps discovered:
D:1:      mushboom_english_gardens, layout_basic, minmay_misc_feat_doors
D:2:      layout_basic
D:3:      layout_loops_corners, good_gods_mini_temple,
          nicolae_overflow_hidden_temple, nicolae_qazlal_general_emergency,
          serial_shops, nicolae_shop_just_a_little_nook, corner_web_ring
D:4:      layout_basic, nicolae_ru_awakened_eye,
          pdpol_wu_jian_five_deadly_venoms, serial_shops,
          nicolae_shop_temple_entry_statues_fountains, kennysheep_little_box,
          nicolae_shop_crystal, shop, nicolae_shop_mannequins,
          lightli_sewer_entry_pipes, kennysheep_flooded_box, bh_walls_and_bars,
          uniq_blork_the_orc, uniq_duvessa, uniq_eustachio

Skill      XL: |  1  2  3  4  5  6 |
---------------+-------------------+-----
Axes           | 4 5 6 7 8 9 |  9.5
Fighting       | |  3.6
Armour         | |  2.4
Dodging        | |  2.1

Action                     |  1- 3 |  4- 6 || total
---------------------------+-------+-------++-------
  Melee: Hand axe          |    76 |    59 ||   135
         Headbutt          |    13 |    12 ||    25
         Punch             |     1 |       ||     1
         Mace              |       |    45 ||    45
 Invoke: Berserk           |     1 |     3 ||     4
    Use: Scroll            |       |     9 ||     9
 Armour: Animal skin       |    22 |       ||    22
         Chain mail        |    29 |    85 ||   114
  Dodge: Dodged            |    46 |    58 ||   104

Table legend: (Time is in decaauts)
 A = Elapsed time spent in this place.
 B = Non-inter-level travel time spent in this place.
 C = Inter-level travel time spent in this place.
 D = Time resting spent in this place.
 E = Time spent auto-exploring this place.
 F = Levels seen in this place.
 G = Mean time per level.
                   A        B        C        D        E       F      G
               +--------+--------+--------+--------+--------+-----+--------+
         Total |   3359 |   3193 |    166 |    352 |   2238 |   4 |  839.8 |
       Dungeon |   3359 |   3193 |    166 |    352 |   2238 |   4 |  839.8 |
               +--------+--------+--------+--------+--------+-----+--------+

Top non-repeatable levels by time:
     D:3: 1230 daAuts
     D:2: 824 daAuts
     D:1: 764 daAuts
     D:4: 540 daAuts
